 Dungeon Crawl Stone Soup version 0.21-a0-529-g8c7b3f5 (webtiles) character file.

58 Gerstahl the Skirmisher (level 3, 0/30 HPs)
             Began as a Demonspawn Monk on Dec 9, 2017.
             Slain by Robin
             ... wielding a +1 spear of venom
              (8 damage)
             ... on level 2 of the Dungeon.
             The game lasted 00:01:24 (1159 turns).

Gerstahl the Skirmisher (Demonspawn Monk)           Turns: 1159, Time: 00:01:25

Health: 0/30       AC:  2    Str: 11    XL:     3   Next: 75%
Magic:  3/3        EV: 14    Int: 11    God:
Gold:   62         SH:  0    Dex: 16    Spells: 2/2 levels left

rFire    . . .     SeeInvis .   a - +0 falchion
rCold    + . .     Gourm    .   (no shield)
rNeg     . . .     Faith    .   b - +0 robe
rPois    .         Spirit   .   (no helmet)
rElec    .         Reflect  .   (no cloak)
rCorr    .         Harm     .   (no gloves)
MR       .....                  (no boots)
Stlth    ++........             (no amulet)
HPRegen  0.10/turn              (no ring)
MPRegen  0.08/turn              (no ring)

@: no status effects
A: cold resistance 1, spiny 1
a: no special abilities


You were on level 2 of the Dungeon.
You were hungry.

You visited 1 branch of the dungeon, and saw 2 of its levels.

You collected 62 gold pieces.

Inventory:

Hand Weapons
 a - a +0 falchion (weapon)
Armour
 b - a +0 robe (worn)
Jewellery
 m - an uncursed ring of magical power {unknown}
Scrolls
 f - 2 scrolls of teleportation {unknown}
 g - a scroll of identify {unknown}
 k - 2 scrolls of magic mapping {unknown}
 n - a scroll of fear {unknown}
 o - a scroll of random uselessness {unknown}
Potions
 d - 2 potions of heal wounds {unknown}
 e - a potion of curing {unknown}
 i - a potion of haste {unknown}
 j - 2 potions of degeneration {unknown}
Comestibles
 c - 2 bread rations
 h - a meat ration
 l - a royal jelly


   Skills:
 + Level 3.6 Fighting
 + Level 3.3 Long Blades
 + Level 3.3 Dodging
 - Level 1.7 Stealth


You had 2 spell levels left.
You didn't know any spells.

Dungeon Overview and Level Annotations

Branches:
Dungeon (2/15)

Altars:

Annotations:
D:2 Robin


Innate Abilities, Weirdness & Mutations

Your flesh is cold resistant. (rC+)
You are partially covered in sharp spines.


Message History

The goblin shouts!
The hobgoblin closely misses you.
Robin roars a battlecry!
The goblins go into a battle-frenzy!
You hit Robin but do no damage. The hobgoblin misses you.
You riposte.
You hit the hobgoblin but do no damage. The goblin hits you with a dagger.
Robin throws the goblin at you! The goblin is struck by your spines.
The goblin hits you with a dagger.
* * * LOW HITPOINT WARNING * * *
Robin throws the goblin at you!
You hit Robin.
Robin is moderately wounded.
The hobgoblin is struck by your spines. The hobgoblin misses you.
You riposte.
You hit the hobgoblin but do no damage.
The hobgoblin is moderately wounded.
The goblin is struck by your spines.
You kill the goblin!
The goblin barely misses you.
You riposte.
You closely miss the goblin. Robin hits you with a spear of venom!
You die... .##.##.#.# #....#....# ..... .#...#.#.###.##.#..####...... ................#.....'.g.... ##...#.#####.#######.##..g... #.........#..†.#....# g.gg. #.###.###.#.##.#..### gg..

#.# #.#
#.#<##)#..#
... #.###.#
#.#...ggg.#
+# #.##..#
#.#####@###
#.##.## #.#
#g#
#.##.####.#
#.#
#.........#
#.#
####.######
#.# #####.#
#.# ......#
#.# #######
..#


You could see Robin, a hobgoblin and 2 goblins.

Vanquished Creatures
  Jessica (D:2)
  An ooze (D:2)
  A dart slug (D:2)
  A leopard gecko (D:1)
  A giant cockroach (D:2)
  7 goblins (D:2)
  2 hobgoblins (D:2)
  2 bats (D:2)
  3 frilled lizards (D:2)
  3 kobolds
  4 rats
26 creatures vanquished.

Notes
Turn   | Place    | Note
-------+----------+-------------------------------------------
     0 | D:1      | Gerstahl the Demonspawn Monk began the quest for the Orb.
     0 | D:1      | Reached XP level 1. HP: 18/18 MP: 1/1
   631 | D:2      | Gained mutation: You are partially covered in sharp spines. [demonic ancestry]
   631 | D:2      | Reached XP level 2. HP: 22/24 MP: 2/2
   674 | D:2      | Noticed Jessica
   683 | D:2      | Killed Jessica
   683 | D:2      | Gained mutation: Your flesh is cold resistant. (rC+) [demonic ancestry]
   683 | D:2      | Reached XP level 3. HP: 27/29 MP: 3/3
  1133 | D:2      | Noticed Robin
  1159 | D:2      | Slain by Robin

Vault maps used:
D:1:      kennysheep_arrival_seaside
D:2:      lemuel_coloured_pillars_altar, first_bread, serial_bayou_pond_c,
          glass_columns_a, uniq_robin, uniq_jessica, uniq_crazy_yiuf_cottage

Skill      XL: |  1  2 |
---------------+-------+-----
Long Blades    | 3 |  3.3
Dodging        | 3 |  3.3
Fighting       | |  3.6
Stealth        | |  1.7

Action                   || total
-------------------------++-------
Melee: Falchion          ||    51
 Stab: Sleeping          ||     5
Armor: Robe              ||     7
Dodge: Dodged            ||    37
       Rpst.: Falchion   ||    13

Table legend:
 A = Spawn XP
 B = Non-spawn XP
 C = Spawn XP percentage of total XP
 D = Spawn monster count
 E = Non-spawn monster count
 F = Spawn count percentage of total count
 G = Total turns spent on level
                    A         B        C        D         E        F      G
               +---------+---------+-------+---------+---------+-------+---------
         Total |       0 |      83 |   0.0 |       0 |      26 |   0.0 |  1159
               +---------+---------+-------+---------+---------+-------+---------
           D:1 |       0 |       7 |   0.0 |       0 |       5 |   0.0 |   562
           D:2 |       0 |      76 |   0.0 |       0 |      21 |   0.0 |   597
               +---------+---------+-------+---------+---------+-------+---------
